 Dungeon Crawl Stone Soup version 0.16.1-30-g34a7ffa (webtiles) character file.

74 Krapule the Insei (level 4, -3/29 HPs)
             Began as an Octopode Transmuter on June 21, 2015.
             Slain by a phantom (5 damage)
             ... on level 4 of the Dungeon.
             The game lasted 00:07:02 (2966 turns).

Krapule the Insei (Octopode Transmuter)             Turns: 2966, Time: 00:07:02

Health: -3/29      AC:  1    Str:  9    XL:     4   Next: 28%
Magic:  8/8        EV: 12    Int: 15    God:
Gold:   185        SH:  0    Dex: 13    Spells: 2 memorised, 4 levels left

rFire  . . .     SeeInvis .       - Unarmed
rCold  . . .     Clarity  +     (no shield)
rNeg   . . .     SustAb   .     (helmet restricted)
rPois  .         Gourm    .     m - amulet of clarity
rElec  .         Spirit   .     (no ring)
rCorr  .         Warding  .     (no ring)
rMut   .         Stasis   .     (no ring)
MR     .....                    (no ring)
Stlth  ++........               (no ring)
                                (no ring)
                                (no ring)
                                (no ring)

@: not resistant to hostile enchantments, unstealthy
A: almost no armour, amphibious, 8 rings, constrict 8, camouflage 1, gelatinous
body 1
a: no special abilities


You were on level 4 of the Dungeon.
You were not hungry.

You visited 1 branch of the dungeon, and saw 4 of its levels.

You collected 185 gold pieces.

Inventory:

Missiles
 b - 79 arrows
Jewellery
 m - an amulet of clarity (around mantle)
Scrolls
 c - 5 scrolls of identify
 f - 6 scrolls of remove curse {unknown}
 k - a scroll of random uselessness {unknown}
 l - a scroll of recharging {unknown}
 n - 3 scrolls of fog {unknown}
Potions
 e - a potion of invisibility {unknown}
 g - 2 potions of curing
 j - a potion of flight {unknown}
 p - a potion of berserk rage {unknown}
 q - a potion of brilliance
Books
 d - a book of Changes

   Spells                             Type                      Level
   a - Beastly Appendage              Transmutation                1
   b - Sticks to Snakes               Transmutation                2
   c - Spider Form                    Transmutation/Poison         3
   d - Ice Form                       Ice/Transmutation            4
   e - Blade Hands                    Transmutation                5
Comestibles
 a - 5 bread rations
 h - 2 meat rations
 i - 2 beef jerkies
 o - a slice of pizza
 r - 2 chunks of flesh


   Skills:
 + Level 1.7 Fighting
 + Level 2.5 Dodging
 + Level 3.6 Unarmed Combat
 + Level 2.7 Spellcasting
 + Level 2.3 Transmutations


You had 4 spell levels left.
You knew the following spells:

 Your Spells              Type           Power        Failure   Level  Hunger
a - Beastly Appendage     Trmt           #.....       10%         1    #......
b - Spider Form           Trmt/Pois      #.........   43%         3    ###....


Dungeon Overview and Level Annotations

Branches:
Dungeon (4/15)
 Temple: D:4-7

Altars:
Fedhas
Okawaru
Sif Muna


Innate Abilities, Weirdness & Mutations

You cannot wear most types of armour.
You are amphibious.
You can wear up to eight rings at the same time.
You can use your tentacles to constrict many enemies at once.
Your skin changes colour to match your surroundings (Stealth).
Your rubbery body absorbs attacks (AC +1).


Message History

You closely miss the phantom. The phantom hits you!
The phantom blinks!
The phantom closely misses you.
Found a fuming blue potion.
There is a stone staircase leading up here.
You closely miss the phantom. The phantom hits you.
You barely miss the phantom. The phantom hits you!
You tentacle-slap the phantom.
The phantom is lightly damaged.
The phantom closely misses you.
You tentacle-slap the phantom but do no damage.
The phantom is lightly damaged.
The phantom hits you!
* * * LOW HITPOINT WARNING * * *
You tentacle-slap the phantom. Your squeeze misses the phantom.
The phantom is moderately damaged.
The phantom closely misses you.
You closely miss the phantom.
The phantom is moderately damaged.
The phantom hits you.
You die...

.....F.###.#####.#.#.#
.................#.#.#..
.......###.............#
..... #######..$#.#.#
.... #...# .. #...#
#.#####...# #.........#
#######@#.#
........W....#
..!.......#.#
###########.# #


You could see a phantom.

Vanquished Creatures
  An adder (D:3)
  A giant gecko (D:1)
  An orc (D:3)
  8 bats
  3 giant cockroaches
  11 hobgoblins
  4 jackals (D:1)
  2 ball pythons
  5 giant newts
  7 goblins
  9 kobolds
  6 rats
58 creatures vanquished.

Notes
Turn   | Place    | Note
--------------------------------------------------------------
     0 | D:1      | Krapule, the Octopode Transmuter, began the quest for the Orb.
     0 | D:1      | Reached XP level 1. HP: 13/13 MP: 3/3
   114 | D:1      | Reached XP level 2. HP: 18/18 MP: 4/4
   420 | D:1      | Reached XP level 3. HP: 23/23 MP: 6/6
  2345 | D:3      | Reached XP level 4. HP: 29/29 MP: 8/8
  2425 | D:3      | Found an iron altar of Okawaru.
  2577 | D:3      | Found a deep blue altar of Sif Muna.
  2738 | D:3      | Found a blossoming altar of Fedhas.
  2934 | D:4      | Learned a level 3 spell: Spider Form
  2947 | D:4      | Noticed a giant frog
  2951 | D:4      | Noticed a phantom
  2966 | D:4      | Slain by a phantom

Action                   |  1- 3 |  4- 6 || total
-------------------------+-------+-------++-------
Melee: Unarmed           |   108 |    35 ||   143
  Use: Potion            |     3 |       ||     3
       Scroll            |     1 |       ||     1
 Stab: Sleeping          |     3 |     1 ||     4
  Eat: Chunk             |     3 |     3 ||     6
